 Dungeon Crawl Stone Soup version 0.22.1-6-g1668fe2 (webtiles) character file.

2557 dengdeng the Cleaver (level 9, -3/74 (75) HPs)
             Began as a Minotaur Berserker on Jan 16, 2019.
             Was a Priest of Trog.
             Slain by a killer bee (6 damage)
             ... on level 7 of the Dungeon.
             The game lasted 00:21:55 (6316 turns).

dengdeng the Cleaver (Minotaur Berserker)           Turns: 6316, Time: 00:21:56

HP:   -3/74 (75)    AC: 13    Str: 24    XL:     9   Next: 31%
MP:   8/8           EV:  6    Int:  4    God:    Trog [***...]
Gold: 426           SH: 12    Dex: 11    Spells: 8/8 levels left

rFire    + . .     SeeInvis .   E - +1 broad axe (chop)
rCold    x . .     Gourm    +   n - +2 shield
rNeg     . . .     Faith    .   F - +0 plate armour
rPois    .         Spirit   .   (helmet restricted)
rElec    .         Reflect  .   (no cloak)
rCorr    .         Harm     .   (no gloves)
MR       .....                  (no boots)
Stlth    ..........             p - amulet of the gourmand
HPRegen  0.22/turn              a - ring of flight
MPRegen  0.11/turn              h - ring of fire

@: lethally poisoned (-3 -> -27)
A: retaliatory headbutt, horns 2
a: Berserk, Trog's Hand, Renounce Religion, Evoke Flight


You were on level 7 of the Dungeon.
You worshipped Trog.
Trog was most pleased with you.
You were completely stuffed.

You visited 1 branch of the dungeon, and saw 7 of its levels.

You collected 426 gold pieces.

Inventory:

Hand Weapons
 E - a +1 broad axe of chopping (weapon)
Missiles
 d - 243 stones (quivered)
 q - 13 tomahawks
Armour
 n - a +2 shield (worn)
 F - a +0 plate armour (worn)
Jewellery
 a - a ring of flight (left hand)
 h - a ring of fire (right hand)
 k - an uncursed ring of wizardry
 m - an uncursed ring of flight
 p - an amulet of the gourmand (around neck)
Scrolls
 b - 2 scrolls of teleportation {unknown}
 e - 5 scrolls of identify {unknown}
 f - 2 scrolls of fear {unknown}
 i - a scroll of blinking {unknown}
 l - 2 scrolls of amnesia
 o - 2 scrolls of magic mapping
 r - 4 scrolls of remove curse
 t - a scroll of fog {unknown}
 v - a scroll of immolation {unknown}
 w - a scroll of enchant weapon {unknown}
 y - a scroll of enchant armour {unknown}
 B - a scroll of noise {unknown}
Potions
 g - a potion of magic {unknown}
 j - a potion of lignification {unknown}
 s - a potion of resistance {unknown}
 u - a potion of heal wounds {unknown}
 x - a potion of might {unknown}
 z - 2 potions of agility {unknown}
 A - 2 potions of curing {unknown}
 C - a potion of cancellation {unknown}
Comestibles
 c - 12 rations


   Skills:
 + Level 6.2 Fighting
 * Level 11.9 Axes
 + Level 6.7 Armour
 + Level 3.0 Dodging
 + Level 0.7 Stealth
 + Level 4.3 Shields


You had 8 spell levels left.
You didn't know any spells.
Your spell library was empty.

Dungeon Overview and Level Annotations

Branches:
Dungeon (7/15)             Temple (0/1) D:7

Altars:
Cheibriados
Elyvilon
Qazlal
The Shining One
Beogh


Innate Abilities, Weirdness & Mutations

You reflexively headbutt those who attack you in melee.
You have a pair of horns on your head.


Message History

The killer bee completely misses you. You furiously retaliate!
You headbutt the killer bee, but do no damage.
You block the killer bee's attack. The killer bee stings you.
* * * LOW HITPOINT WARNING * * *
You are more poisoned.
The killer bee poisons you!
You miss the killer bee. x2
* * * LOW HITPOINT WARNING * * *
You feel very sick.
The killer bee stings you but does no damage.
You block the killer bee's attack.
The killer bee stings you but does no damage. x2
Unknown command.
Unknown command.
You slash the killer bee!
The killer bee is severely wounded.
You miss the killer bee.
* * * LOW HITPOINT WARNING * * *
You feel sick. The killer bee stings you.
You die...

...#......#
P.........#
>.........#
...#......# ..
#......####### .
######.......#
#....#.......#
#....yy......#
#@......#
########.......#
#..............#
#.....(........#
#.....(........#
#.....(........#
#..............#
######.........#
#.).......#


You could see 2 killer bees.

Vanquished Creatures
  The ghost of Tr0llz0r the Cleaver, a novice DsGl (D:6)
  A black bear (D:6)
  An ice beast (D:6)
  2 necrophages (D:6)
  3 orc warriors
  An ogre (D:5)
  2 centaurs
  A bullfrog (D:6)
  Blork the orc (D:4)
  2 killer bees (D:7)
  A howler monkey (D:4)
  A crimson imp (D:5)
  8 orc priests
  3 jellies (D:5)
  2 bullfrog skeletons
  2 hounds
  An iron imp (D:6)
  9 orc wizards
  3 worker ants
  An iguana (D:7)
  A hound skeleton (D:5)
  Robin (D:3)
  3 adders
  A hound simulacrum (D:6)
  2 oozes
  3 worms (D:2)
  3 dart slugs
  28 orcs
  6 bats
  6 giant cockroaches
  9 goblins
  6 hobgoblins
  4 jackals (D:3)
  5 kobolds
  A quokka (D:5)
  2 ball pythons
  2 frilled lizards
  A leopard gecko zombie (D:5)
  7 rats
137 creatures vanquished.

Notes
Turn   | Place    | Note
-------+----------+-------------------------------------------
     0 | D:1      | dengdeng the Minotaur Berserker began the quest for the
                  | Orb.
     0 | D:1      | Reached XP level 1. HP: 19/19 MP: 0/0
   604 | D:1      | Reached skill level 4 in Axes
  1033 | D:2      | Reached XP level 2. HP: 27/27 MP: 1/1
  1202 | D:2      | Reached XP level 3. HP: 23/33 MP: 2/2
  1510 | D:2      | Reached skill level 5 in Axes
  1975 | D:3      | Found a glowing golden altar of the Shining One.
  1989 | D:3      | Reached XP level 4. HP: 24/40 MP: 3/3
  2319 | D:3      | Reached ** piety under Trog
  2610 | D:3      | Found a stormy altar of Qazlal.
  2612 | D:3      | Noticed a water elemental
  2613 | D:3      | Noticed an earth elemental
  2613 | D:3      | Noticed an air elemental
  2613 | D:3      | Noticed a fire elemental
  2624 | D:3      | Noticed Robin
  2636 | D:3      | Killed Robin
  2643 | D:3      | Reached skill level 6 in Axes
  2995 | D:4      | Noticed Blork the orc
  3000 | D:4      | Reached XP level 5. HP: 40/46 MP: 4/4
  3009 | D:4      | Killed Blork the orc
  3305 | D:4      | Reached skill level 1 in Shields
  3305 | D:4      | Reached XP level 6. HP: 53/53 MP: 5/5
  3308 | D:4      | Reached skill level 7 in Axes
  3622 | D:4      | Found the +2 ratskin cloak {+Rats rPois rN+ Str-1 Int-1
                  | Dex+1}
  3884 | D:5      | Entered Level 5 of the Dungeon
  3903 | D:5      | Found a white marble altar of Elyvilon.
  4028 | D:5      | Reached XP level 7. HP: 58/60 MP: 6/6
  4064 | D:5      | Reached skill level 8 in Axes
  4145 | D:5      | Reached skill level 5 in Fighting
  4499 | D:6      | Found a snail-covered altar of Cheibriados.
  4513 | D:6      | Reached skill level 9 in Axes
  4524 | D:6      | Found a transporter.
  4526 | D:6      | Found a transporter.
  4526 | D:6      | Noticed Tr0llz0r's ghost (novice DsGl)
  4588 | D:6      | Reached XP level 8. HP: 65/68 MP: 7/7
  4593 | D:6      | Reached skill level 5 in Armour
  4867 | D:6      | Found a runed door.
  5126 | D:6      | Reached skill level 10 in Axes
  5144 | D:6      | Reached *** piety under Trog
  5640 | D:6      | Found a roughly hewn altar of Beogh.
  5761 | D:6      | Reached skill level 11 in Axes
  5788 | D:6      | Killed Tr0llz0r's ghost
  5788 | D:6      | Reached XP level 9. HP: 39/74 MP: 8/8
  6254 | D:7      | Found a staircase to the Ecumenical Temple.
  6316 | D:7      | HP: 3/74 [poisoned by a killer bee]
  6316 | D:7      | Slain by a killer bee

Skill      XL: |  1  2  3  4  5  6  7  8 |
---------------+-------------------------+-----
Axes           | 4 5 6 7 9 11 | 11.9
Fighting       | 4 5 6 |  6.2
Armour         | 3 4 6 |  6.7
Shields        | 1 2 4 |  4.3
Dodging        | 3 |  3.0
Stealth        | |  0.7

Action                   |  1- 3 |  4- 6 |  7- 9 || total
-------------------------+-------+-------+-------++-------
Melee: Hand axe          |    70 |   118 |   106 ||   294
       Headbutt          |    12 |    30 |    41 ||    83
       Broad axe         |       |       |    78 ||    78
Throw: Stone             |     5 |       |     2 ||     7
Invok: Trog's Hand       |       |     2 |     6 ||     8
       Berserk           |       |     2 |     4 ||     6
  Use: Scroll            |       |       |     3 ||     3
  Eat: Chunk             |     3 |     8 |    38 ||    49
       Ration            |       |       |     1 ||     1
Armor: Animal skin       |    15 |       |       ||    15
       Ring mail         |     2 |    22 |       ||    24
       Chain mail        |       |    14 |    38 ||    52
       Plate armour      |       |       |    41 ||    41
Dodge: Dodged            |    38 |    30 |    39 ||   107
Block: Shield            |     9 |    45 |   112 ||   166
